 Dungeon Crawl Stone Soup version 0.19.1 (webtiles) character file.

655 Host24 the Skirmisher (level 7, -2/48 HPs)
             Began as a Kobold Hunter on Jan 1, 2017.
             Was a Follower of Okawaru.
             Slain by a worker ant zombie (5 damage)
             ... on level 6 of the Dungeon.
             The game lasted 00:12:08 (6482 turns).

Host24 the Skirmisher (Kobold Hunter)               Turns: 6482, Time: 00:12:08

Health: -2/48      AC: -1    Str: 10    XL:     7   Next: 85%
Magic:  7/7        EV: 18    Int: 12    God:    Okawaru [*.....]
Gold:   288        SH:  0    Dex: 17    Spells: 0 memorised, 6 levels left

rFire  . . .     SeeInvis .     K - +1 short sword (venom)
rCold  . . .     Gourm    .     c - +0 leather armour
rNeg   . . .     Faith    .     (shield restricted)
rPois  .         Spirit   .     (no helmet)
rElec  .         Reflect  .     e - +2 cloak
rCorr  .         Harm     .     (no gloves)
MR     .....                    Q - +0 pair of boots
Stlth  ++........               (no amulet)
                                (no ring)
                                (no ring)

@: corroded
A: carnivore 3
a: Heroism, Renounce Religion


You were on level 6 of the Dungeon.
You worshipped Okawaru.
Okawaru was aware of your devotion.
You were very full.

You visited 1 branch of the dungeon, and saw 6 of its levels.

You collected 288 gold pieces.

Inventory:

Hand Weapons
 a - a +1 hand crossbow
 y - a +2 dagger of protection
 D - a +1 hunting sling of flaming
 K - a +1 short sword of venom (weapon)
Missiles
 g - 91 arrows
 h - 170 stones (quivered)
 w - 11 tomahawks
 x - 15 poisoned needles
 z - 7 bolts
 O - 29 sling bullets
Armour
 c - a +0 leather armour (worn)
 e - a +2 cloak (worn)
 C - a +1 scale mail of poison resistance
 P - a cursed -1 robe
 Q - a +0 pair of boots (worn)
Jewellery
 A - an uncursed ring of fire {unknown}
 F - an uncursed amulet of faith {unknown}
 J - an uncursed ring of protection from cold {unknown}
 N - a cursed ring of loudness {unknown}
Wands
 s - a wand of confusion (19/48)
 E - a wand of polymorph (3/24)
 I - a wand of paralysis (11/24)
Scrolls
 i - 2 scrolls of magic mapping {unknown}
 j - 2 scrolls of fear {unknown}
 k - 5 scrolls of identify {unknown}
 l - 7 scrolls of remove curse {unknown}
 o - 3 scrolls of amnesia {unknown}
 t - a scroll of recharging {unknown}
 v - a scroll of teleportation {unknown}
 B - a scroll of enchant weapon {unknown}
Potions
 d - a potion of flight {unknown}
 m - 2 potions of curing
 p - 5 potions of lignification {unknown}
 q - a potion of heal wounds {unknown}
 r - 2 potions of berserk rage {unknown}
 u - a potion of might {unknown}
 G - a potion of invisibility {unknown}
 H - 3 potions of degeneration {unknown}
 L - a potion of ambrosia {unknown}
Books
 M - a book of Minor Magic

   Spells                             Type                      Level
   a - Magic Dart                     Conjuration                  1
   b - Blink                          Translocation                2
   c - Call Imp                       Summoning                    2
   d - Repel Missiles                 Charms/Air                   2
   e - Slow                           Hexes                        2
   f - Conjure Flame                  Conjuration/Fire             3
   g - Mephitic Cloud                 Conjuration/Poison/Air       3
 R - a book of Misfortune

   Spells                             Type                      Level
   a - Confusing Touch                Hexes                        1
   b - Confuse                        Hexes                        3
   c - Gell's Gravitas                Hexes/Translocation          3
   d - Petrify                        Transmutation/Earth          4
   e - Metabolic Englaciation         Hexes/Ice                    5
   f - Yara's Violent Unravelling     Hexes/Transmutation          5
Comestibles
 f - 2 meat rations
 n - 2 slices of pizza


   Skills:
 + Level 7.1 Fighting
 - Level 5.0 Crossbows
 - Level 6.2 Dodging
 - Level 1.3 Stealth


You had 6 spell levels left.
You didn't know any spells.

Dungeon Overview and Level Annotations

Branches:
Dungeon (6/15)
 Temple: D:4-7

Altars:
Kikubaaqudgha
Okawaru

Annotations:
D:4 Host24's ghost, novice KoHu
D:5 Kave's ghost, novice TrTm


Innate Abilities, Weirdness & Mutations

You are small and have problems with some larger weapons.
You are carnivorous and can eat meat at any time.


Message History

You puncture the jelly! The acid corrodes you!
Your hands burn!
The jelly is severely wounded.
The jelly jiggles.
The jelly hits you.
You are splashed with acid!
The acid burns!
* * * LOW HITPOINT WARNING * * *
The worker ant zombie misses you.
You hit the jelly. The acid corrodes you!
Your hands burn!
* * * LOW HITPOINT WARNING * * *
The jelly is severely wounded.
The jelly hits you.
* * * LOW HITPOINT WARNING * * *
You are splashed with acid!
The acid burns!
* * * LOW HITPOINT WARNING * * *
The worker ant zombie misses you. The jelly misses you.
The orc shouts!
An orc comes into view.
The worker ant zombie closely misses you.
There is a stone staircase leading up here.
The worker ant zombie bites you.
You die...

#########
#.......#
######..Z....#
#.......J@...#
#..$..#...####
#.....#.#.#
#.....#.#.#
#.......?.o
#.....##.##o
#.....# .# ..
#......#.# .o
... .# #..


You could see a jelly, an orc and a worker ant zombie.

Vanquished Creatures
  An ogre (D:4)
  Blork the orc (D:4)
  A crimson imp (D:5)
  A centaur skeleton (D:4)
  2 orc priests (D:3)
  An orc wizard (D:3)
  Terence (D:3)
  Jessica (D:2)
  4 worker ants
  A hound zombie (D:5)
  A hound skeleton (D:5)
  Robin (D:3)
  2 adders
  A howler monkey skeleton (D:4)
  A worm (D:3)
  2 dart slugs
  2 leopard geckos
  16 orcs
  4 giant cockroaches
  16 goblins
  12 hobgoblins
  10 jackals
  2 quokkas (D:4)
  2 ball pythons
  8 bats
  7 frilled lizards
  A jackal zombie (D:5)
  11 kobolds
  A quokka skeleton (D:4)
  8 rats
122 creatures vanquished.

Notes
Turn   | Place    | Note
-------+----------+-------------------------------------------
     0 | D:1      | Host24 the Kobold Hunter began the quest for the Orb.
     0 | D:1      | Reached XP level 1. HP: 12/12 MP: 1/1
   115 | D:1      | Reached XP level 2. HP: 16/18 MP: 2/2
   145 | D:1      | Reached skill level 3 in Fighting
   318 | D:1      | Reached XP level 3. HP: 3/23 MP: 3/3
   682 | D:1      | Reached skill level 5 in Crossbows
  1819 | D:2      | Reached XP level 4. HP: 28/28 MP: 4/4
  2026 | D:2      | Noticed Jessica
  2032 | D:2      | Killed Jessica
  2465 | D:3      | Found an iron altar of Okawaru.
  2482 | D:3      | Noticed Terence
  2546 | D:3      | Killed Terence
  2546 | D:3      | Reached XP level 5. HP: 14/32 MP: 5/5
  2549 | D:3      | Reached skill level 5 in Dodging
  2596 | D:3      | Became a worshipper of Warmaster Okawaru
  2733 | D:3      | Noticed Robin
  2747 | D:3      | Killed Robin
  3110 | D:3      | Reached XP level 6. HP: 4/37 MP: 6/6
  3729 | D:4      | Noticed an ogre
  3738 | D:4      | Killed an ogre
  3738 | D:4      | Reached skill level 4 in Fighting
  4145 | D:4      | Reached skill level 5 in Fighting
  4440 | D:3      | Reached XP level 7. HP: 30/44 MP: 7/7
  4869 | D:4      | Noticed Blork the orc
  4906 | D:4      | Killed Blork the orc
  4906 | D:4      | Reached skill level 6 in Fighting
  5033 | D:4      | Found an ancient bone altar of Kikubaaqudgha.
  5272 | D:4      | Noticed Host24's ghost (novice KoHu)
  5700 | D:5      | Entered Level 5 of the Dungeon
  5810 | D:5      | Reached * piety under Okawaru
  5983 | D:5      | Noticed Kave's ghost (novice TrTm)
  6056 | D:5      | Reached skill level 7 in Fighting
  6475 | D:6      | HP: 2/48 [acid (5)]
  6482 | D:6      | Slain by a worker ant zombie

Skill      XL: |  1  2  3  4  5  6  7 |
---------------+----------------------+-----
Fighting       | 3 5 7 |  7.1
Crossbows      | 5 |  5.0
Dodging        | 3 4 6 |  6.2
Stealth        | |  1.3

Action                   |  1- 3 |  4- 6 |  7- 9 || total
-------------------------+-------+-------+-------++-------
Melee: Short sword       |   174 |   218 |   129 ||   521
 Fire: Hand crossbow     |     6 |    59 |       ||    65
 Stab: Sleeping          |     3 |     1 |     2 ||     6
  Eat: Chunk             |    11 |     8 |     7 ||    26
Armor: Leather armour    |    65 |    57 |    19 ||   141
Dodge: Dodged            |   172 |   259 |   131 ||   562
